Get step-by-step instructions on how to execute this build order below. Start the game timer, and the build order will tick by so you can play in parallel with StarCraft on a second screen or mobile device.

Game Time

  0:00

Last Step

  N/A

Next Step

Upcoming Step



Don't want to look back and forth between 2 screens? Try out our Overwolf App, the Spawning Tool Build Advisor to get an in-game overlay with this build!

Complete Build Order

  12  0:00  SCV  
  13  0:12  SCV  
  14  0:18  Supply Depot  
  14  0:24  SCV  
  15  0:39  SCV  
  15  0:41  Barracks  
  16  0:46  Refinery  
  16  0:52  SCV  
  16  0:57  Refinery  
  17  1:05  SCV  
  18  1:17  SCV  
  19  1:26  Barracks  
  19  1:29  SCV  
  19  1:41  SCV  
  20  1:54  SCV  
  21  2:06  Orbital Command, Reaper  
  22  2:14  Barracks Reactor  
  22  2:16  Factory  
  22  2:32  SCV  
  23  2:41  Supply Depot  
  23  2:54  Command Center  
  23  3:01  Starport  
  24  3:07  Hellion  
  24  3:08  Hellion, SCV  
  28  3:14  Supply Depot  
  28  3:29  Hellion  
  28  3:31  SCV  
  31  3:34  Barracks Tech Lab  
  31  3:36  Hellion  
  31  3:38  Medivac  
  35  3:43  SCV  
  36  3:55  SCV  
  37  4:04  Marine x2  
  37  4:06  Siege Tank  
  37  4:07  SCV  
  37  4:09  Barracks Tech Lab  
  43  4:10  Orbital Command  
  43  4:20  SCV  
  43  4:21  Bunker  
  42  4:32  SCV  
  42  4:37  Marine x2  
  43  4:38  Stimpack, Marine  
  43  4:39  Siege Tank  
  43  4:42  SCV  
  43  4:44  SCV  
  45  4:54  SCV  
  45  4:55  Marine x2, Supply Depot  
  45  4:56  Marine  
  45  4:57  SCV  
  48  5:06  SCV  
  49  5:09  SCV  
  49  5:11  Siege Tank  
  49  5:13  Marine  
  54  5:16  Marine  
  54  5:17  Engineering Bay  
  54  5:18  Marine  
  54  5:19  Supply Depot, SCV  
  57  5:21  SCV  
  57  5:27  Refinery  
  58  5:30  Supply Depot  
  58  5:31  SCV, Marine  
  58  5:33  SCV  
  58  5:34  Marine  
  62  5:35  Marine  
  62  5:43  SCV  
  62  5:44  Siege Tank  
  62  5:45  Starport Reactor, SCV  
  67  5:57  Supply Depot, SCV x2  
  67  5:58  Command Center, Marine  
  67  6:00  Marine  
  67  6:01  Marine  
  72  6:08  Terran Infantry Weapons Level 1  
  72  6:10  SCV x2  
  74  6:16  Marine  
  74  6:17  Supply Depot  
  74  6:18  Marine  
  75  6:22  Combat Shield, SCV  
  75  6:25  Barracks  
  77  6:28  Marauder, Supply Depot  
  77  6:31  Factory Reactor, Medivac  
  81  6:35  Marine  
  81  6:36  Marine, Refinery  
  83  6:50  Marauder  
  83  6:51  Medivac  
  83  6:52  Marine  
  83  6:53  SCV x2  
  90  6:56  Barracks  
  90  6:58  Barracks  
  90  7:02  Supply Depot  
  90  7:08  Medivac  
  91  7:09  Marine, Widow Mine x2  
  91  7:10  Marine  
  91  7:11  Marauder  
  91  7:13  SCV x2  
  101  7:15  Concussive Shells  
  101  7:19  Marauder  
  103  7:24  Medivac  
  103  7:28  SCV x2  
  107  7:35  Marine  
  107  7:36  Marauder  
  109  7:38  Ghost Academy  
  109  7:41  Marauder  
  111  7:45  SCV  
  111  7:46  Barracks Reactor, Barracks Tech Lab  
  111  7:47  Orbital Command  
  111  7:54  Medivac  
  111  7:55  Marine  
  111  7:56  Widow Mine x2  
  111  7:57  Marauder  
  120  7:59  SCV  
  120  8:05  Supply Depot  
  121  8:06  Supply Depot  
  121  8:09  Ghost  
  121  8:10  SCV  
  121  8:11  SCV  
  125  8:26  Ghost, Marine x2  
  132  8:27  Widow Mine x2  
  132  8:31  Ghost, SCV  
  114  8:37  Marine x2  
  114  8:38  SCV x2, Marauder  
  114  8:43  SCV  
  114  8:48  Widow Mine  
  116  8:49  Marine x2  
  116  8:53  SCV x2  
  116  8:55  Marauder, SCV, Marine, Refinery  
  122  8:58  Ghost  
  122  8:59  Refinery  
  124  9:04  Engineering Bay  
  124  9:06  Armory, SCV x2  
  124  9:07  SCV  
  127  9:12  Terran Infantry Armor Level 1  
  127  9:13  Marine  
  127  9:14  Missile Turret, Marine  
  128  9:18  Ghost, SCV  
  128  9:23  SCV  
  129  9:29  Missile Turret  
  127  9:33  Bunker, Missile Turret  
  127  9:34  Marine x3  
  127  9:35  Marine, Marauder x2  
  136  9:45  SCV x2  
  136  9:46  SCV  
  136  9:47  Marine  
  135  9:52  Command Center  
  135  9:55  Marine x2  
  135  9:56  Supply Depot, Marauder  
  135  9:57  Marine  
  135  9:59  SCV  
  141  10:00  SCV  
  141  10:17  Marine x5  
  141  10:18  Marauder, SCV x2  
  150  10:23  Widow Mine x2  
  148  10:29  Marine  
  148  10:30  Viking  
  148  10:32  Viking  
  148  10:35  Marine  
  144  10:36  Marauder x2  
  144  10:39  Marauder  
  151  10:47  Barracks, Marine  
  151  10:48  Barracks x2, Marine  
  151  10:49  Supply Depot  
  153  10:57  Marauder  
  153  10:58  Widow Mine  
  153  10:59  Terran Infantry Weapons Level 2  
  153  11:03  Widow Mine  
  159  11:05  Terran Infantry Armor Level 2  
  159  11:09  Marine  
  159  11:10  Marauder x2, Marine  
  165  11:18  Viking x2  
  169  11:27  Marine x2  
  169  11:28  Marauder  
  169  11:29  Terran Ship Weapons Level 1  
  173  11:37  Marauder x2  
  173  11:38  Barracks Reactor, Barracks Tech Lab x2  
  177  11:43  SCV x2  
  179  11:55  Viking x2  
  179  11:56  Planetary Fortress  
  183  12:06  Command Center, SCV x3  
  183  12:07  Sensor Tower  
  186  12:13  Missile Turret  
  186  12:14  Missile Turret  
  186  12:17  Missile Turret  
  186  12:18  Marauder  
  188  12:23  Marauder x3  
  192  12:36  Starport  
  192  12:38  Fusion Core  
  192  12:39  Refinery x2  
  192  12:43  Viking x2  
  194  13:02  Missile Turret  
  194  13:06  Marauder  
  196  13:14  Missile Turret  
  196  13:18  Terran Infantry Weapons Level 3  
  196  13:22  Terran Infantry Armor Level 3  
  196  13:23  Terran Ship Weapons Level 2  
  196  13:25  Marauder x2  
  200  13:39  Ghost  
  193  13:56  Liberator x2  
  193  13:57  Advanced Ballistics  
  199  14:05  Command Center  
  199  14:06  Command Center  
  199  14:14  Liberator x2  
  199  14:32  Planetary Fortress  
  199  14:44  Command Center  
  199  14:51  Ghost  
  197  14:58  Ghost x2  
  199  15:04  Command Center  
  199  15:07  Sensor Tower  
  199  15:15  Command Center  
  199  15:21  Liberator x3  
  188  15:22  Liberator, Ghost  
  188  15:23  Orbital Command x2  
  191  15:31  Refinery  
  191  15:40  Ghost x2, Refinery  
  191  15:41  Marauder  
  191  15:42  Marauder  
  183  15:51  Marauder  
  183  15:55  Marine x3  
  183  15:56  Marine  
  185  15:58  Marine x2  
  185  16:03  Marauder x2  
  182  16:05  SCV  
  182  16:06  Orbital Command  
  182  16:09  Orbital Command, Marauder  
  182  16:10  Marauder  
  182  16:12  SCV  
  183  16:21  Liberator x2  
  183  16:22  Liberator x2  
  195  16:26  SCV x2  
  195  16:27  SCV x3  
  198  16:37  Orbital Command  
  198  16:39  SCV x2  
  200  16:58  Planetary Fortress, Missile Turret  
  200  16:59  Sensor Tower, Missile Turret